 Dungeon Crawl Stone Soup version 0.17.1-3-g152610e (webtiles) character file.

111 Jerry the Cudgeler (level 5, -5/41 HPs)
             Began as a Formicid Abyssal Knight on Mar 8, 2016.
             Was a Believer of Lugonu.
             Slain by dricus's ghost (12 damage)
             ... on level 3 of the Dungeon.
             The game lasted 00:13:33 (2335 turns).

Jerry the Cudgeler (Formicid Abyssal Knight)        Turns: 2335, Time: 00:13:33

Health: -5/41      AC:  7    Str: 22    XL:     5   Next: 15%
Magic:  7/7        EV: 10    Int: 12    God:    Lugonu [**....]
Gold:   154        SH:  0    Dex: 10    Spells: 0 memorised, 4 levels left

rFire  . . .     SeeInvis +     a - +1 mace
rCold  . . .     Clarity  .     i - +0 scale mail
rNeg   . . .     SustAt   .     (no shield)
rPois  .         Gourm    .     (helmet unavailable)
rElec  .         Spirit   .     (no cloak)
rCorr  .         Warding  .     (no gloves)
rMut   .         Stasis   +     (no boots)
MR     .....                    (no amulet)
Stlth  ..........               (no ring)
                                (no ring)

@: mighty, not resistant to hostile enchantments, extremely unstealthy
A: permanent stasis, dig shafts and tunnels, four strong arms, antennae 3
a: Dig, Shaft Self, Depart the Abyss, Bend Space, Renounce Religion


You were on level 3 of the Dungeon.
You worshipped Lugonu.
Lugonu was pleased with you.
You were not hungry.

You visited 1 branch of the dungeon, and saw 3 of its levels.
You visited the Abyss 1 time.

You collected 154 gold pieces.

Inventory:

Hand Weapons
 a - a +1 mace (weapon)
 p - a +0 whip
Missiles
 q - 87 stones (quivered)
Armour
 i - a +0 scale mail (worn)
Scrolls
 b - a scroll of immolation {unknown}
 d - a scroll of recharging
Potions
 e - a potion of brilliance
 j - a potion of might
 l - a potion of degeneration {unknown}
 m - 2 potions of invisibility
 n - a potion of curing {unknown}
Comestibles
 c - 3 bread rations
 f - 2 meat rations
 g - a slice of pizza
 k - a beef jerky
 o - a chunk of flesh
 s - 3 fruits


   Skills:
 - Level 3.2 Fighting
 + Level 3.7 Maces & Flails
 + Level 3.7 Armour
 - Level 0.8 Dodging
 - Level 2.7 Invocations


You had 4 spell levels left.
You didn't know any spells.

Dungeon Overview and Level Annotations

Branches:
Dungeon (3/15)

Altars:

Annotations:
D:3 dricus's ghost, amateur MiBe


Innate Abilities, Weirdness & Mutations

You are under a permanent stasis effect.
You can dig through walls and to a lower floor.
Your four strong arms can wield two-handed weapons with a shield.
You have a pair of large antennae on your head (SInv).


Message History

Dricus's ghost keens inconsolably.
Dricus's ghost hits you. The bat barely misses you.
Dricus's ghost barely misses you.
You sock dricus's ghost!
Dricus's ghost is moderately damaged.
The bat barely misses you. Dricus's ghost barely misses you.
You hit dricus's ghost.
Dricus's ghost is heavily damaged.
The bat barely misses you. Dricus's ghost hits you.
You miss dricus's ghost.
Dricus's ghost is heavily damaged.
The bat barely misses you. Dricus's ghost closely misses you.
You sock dricus's ghost!
Dricus's ghost is severely damaged.
The bat barely misses you. Dricus's ghost hits you!
* * * LOW HITPOINT WARNING * * *
You thump dricus's ghost!
Dricus's ghost is almost destroyed.
Dricus's ghost hits you!
You die...

####......########.#####...
.........# ####...
.........## #......
...........# #......
....######.## #...... ...
#..# #...... ..#######.##
##..... .......†...# #.....
.......b@..# #.....
......./.W.# #.....
##########.# #..... ..#
#..... #.# #..... .. ...
.(.


You could see dricus's ghost and a bat.

Vanquished Creatures
  Jessica (D:2)
  3 adders (D:2)
  An ooze (D:1)
  A giant gecko (D:2)
  6 giant cockroaches
  5 hobgoblins
  9 jackals
  12 bats
  A giant newt (D:1)
  6 goblins
  5 kobolds
  5 rats
55 creatures vanquished.

Notes
Turn   | Place    | Note
--------------------------------------------------------------
     0 | Abyss:1  | Jerry the Formicid Abyssal Knight began the quest for the Orb.
     0 | Abyss:1  | Reached XP level 1. HP: 18/18 MP: 2/2
    17 | D:1      | Escaped the Abyss
    86 | D:1      | Reached XP level 2. HP: 8/24 MP: 3/3
   575 | D:1      | Reached ** piety under Lugonu
   634 | D:1      | You fall through a shaft!
   875 | D:1      | Reached XP level 3. HP: 25/29 MP: 5/5
  1371 | D:2      | Reached XP level 4. HP: 26/35 MP: 6/6
  1487 | D:2      | Noticed Jessica
  1492 | D:2      | Killed Jessica
  1642 | D:2      | Reached XP level 5. HP: 29/41 MP: 7/7
  2319 | D:3      | Noticed dricus's ghost (amateur MiBe)
  2335 | D:3      | Slain by dricus's ghost

Action                   |  1- 3 |  4- 6 || total
-------------------------+-------+-------++-------
Melee: Mace              |   134 |    89 ||   223
 Abil: Shaft Self        |     1 |       ||     1
  Use: Scroll            |       |     6 ||     6
       Potion            |       |     1 ||     1
  Eat: Chunk             |     2 |     3 ||     5
